[ AOE2 MATCH · #507824777 ]
UnrankedMalay vs Aztecs
Player's team · WIN
Rival team · LOSS
[ REPLAY ANALYSIS · EXTRACTED FROM THE RECORDED GAME ]
Feudal
11:58
Castle
23:36
Imperial
—
| APM avg | 63.7 |
| APM peak | 99 |
| eAPM avg | 25.6 |
| Villagers / military | 57 / 79 |
Focus
⚔️ 38.1% · 🌾 61.9%
Skirmisher ×50 · Militia ×25 · Archer ×4
Feudal
9:18
Castle
23:23
Imperial
—
| APM avg | 64.2 |
| APM peak | 92 |
| eAPM avg | 24.3 |
| Villagers / military | 58 / 63 |
Focus
⚔️ 38.5% · 🌾 61.5%
Skirmisher ×52 · Spearman ×4 · Monk ×3 · Mangonel ×2 · Battering Ram ×2
Match map
Initial resources + every placement click. Lines = walls · curves = elevation contours. ◆ gold · ⬟ stone · ● berries · ✦ relic · ◌ wall gap
Your base· Open — 4t gap
jaumecr25's base· Open — 4t gap
Smoothed initial terrain · ◌ = detected wall gap · hover for details
Inputs per minute
— Yess Alang - - jaumecr25
Build order — Yess Alang
First 150 of 227 actions detected
| 0:00 | Queue | Villager (Male) |
| 0:02 | Build | House |
| 0:03 | Build | House |
| 0:17 | Queue | Villager (Male) |
| 0:29 | Queue | Villager (Male) |
| 0:37 | Queue | Villager (Male) |
| 1:37 | Queue | Villager (Male) |
| 1:50 | Build | Lumber Camp |
| 1:58 | Queue | Villager (Male) |
| 2:22 | Queue | Villager (Male) |
| 2:51 | Queue | Villager (Male) |
| 3:13 | Queue | Villager (Male) |
| 3:28 | Build | House |
| 3:34 | Queue | Villager (Male) |
| 3:38 | Build | House |
| 4:13 | Queue | Villager (Male) |
| 4:37 | Queue | Villager (Male) |
| 4:52 | Queue | Villager (Male) |
| 5:02 | Queue | Villager (Male) |
| 5:08 | Build | Barracks |
| 5:16 | Build | House |
| 5:21 | Queue | Villager (Male) |
| 6:08 | Queue | Militia |
| 6:08 | Queue | Militia |
| 6:19 | Queue | Villager (Male) |
| 6:27 | Queue | Militia |
| 6:27 | Queue | Militia |
| 6:48 | Queue | Villager (Male) |
| 6:56 | Queue | Militia |
| 7:07 | Build | Mill |
| 7:09 | Queue | Villager (Male) |
| 7:10 | Queue | Militia |
| 7:12 | Build | House |
| 7:18 | Queue | Villager (Male) |
| 7:34 | Build | Mill |
| 8:13 | Build | Mining Camp |
| 8:18 | Queue | Villager (Male) |
| 8:25 | Queue | Militia |
| 8:43 | Queue | Villager (Male) |
| 8:46 | Build | House |
| 8:52 | Build | Palisade Wall |
| 9:07 | Build | Palisade Wall |
| 9:10 | Build | Palisade Wall |
| 9:11 | Queue | Villager (Male) |
| 9:23 | Queue | Villager (Male) |
| 9:44 | Build | Palisade Wall |
| 9:50 | Queue | Villager (Male) |
| 9:56 | Research | Loom |
| 10:05 | Build | Palisade Wall |
| 10:15 | Build | Palisade Wall |
| 10:23 | Build | House |
| 10:36 | Research | Feudal Age |
| 10:58 | Queue | Villager (Male) |
| 11:24 | Queue | Villager (Male) |
| 11:43 | Queue | Villager (Male) |
| 11:58 | Age | Feudal Age |
| 12:06 | Build | Archery Range |
| 12:10 | Build | Archery Range |
| 12:15 | Research | Man-at-Arms (upgrade) |
| 12:19 | Research | Double-Bit Axe |
| 12:20 | Build | House |
| 12:51 | Queue | Villager (Male) |
| 12:55 | Queue | Skirmisher |
| 12:55 | Queue | Skirmisher |
| 13:18 | Queue | Villager (Male) |
| 13:24 | Build | Blacksmith |
| 13:25 | Build | Palisade Wall |
| 13:32 | Queue | Archer |
| 13:32 | Queue | Archer |
| 13:44 | Queue | Villager (Male) |
| 13:46 | Queue | Skirmisher |
| 14:13 | Build | House |
| 14:15 | Queue | Villager (Male) |
| 14:16 | Queue | Skirmisher |
| 14:16 | Queue | Skirmisher |
| 14:24 | Build | Farm |
| 14:41 | Queue | Archer |
| 14:42 | Queue | Villager (Male) |
| 14:47 | Research | Fletching |
| 14:58 | Build | Farm |
| 14:59 | Build | Farm |
| 15:02 | Build | Farm |
| 15:08 | Queue | Skirmisher |
| 15:09 | Queue | Villager (Male) |
| 15:10 | Queue | Archer |
| 15:22 | Build | House |
| 15:24 | Build | House |
| 15:26 | Build | Farm |
| 15:26 | Build | Farm |
| 15:29 | Queue | Villager (Male) |
| 16:03 | Queue | Villager (Male) |
| 16:05 | Queue | Villager (Male) |
| 16:06 | Queue | Skirmisher |
| 16:10 | Queue | Villager (Male) |
| 16:12 | Queue | Skirmisher |
| 16:13 | Queue | Skirmisher |
| 16:20 | Build | House |
| 16:22 | Build | Lumber Camp |
| 16:28 | Queue | Skirmisher |
| 16:28 | Queue | Skirmisher |
| 16:34 | Queue | Villager (Male) |
| 16:37 | Build | Farm |
| 16:56 | Build | Farm |
| 16:58 | Queue | Militia |
| 17:23 | Queue | Militia |
| 17:32 | Queue | Villager (Male) |
| 17:39 | Queue | Villager (Male) |
| 17:40 | Queue | Skirmisher |
| 17:47 | Queue | Skirmisher |
| 17:55 | Build | Archery Range |
| 18:00 | Build | Farm |
| 18:01 | Build | Farm |
| 18:04 | Build | Farm |
| 18:05 | Queue | Villager (Male) |
| 18:09 | Build | Farm |
| 18:10 | Build | Farm |
| 18:10 | Build | Farm |
| 18:10 | Build | Farm |
| 18:13 | Queue | Skirmisher |
| 18:25 | Build | Farm |
| 18:28 | Build | Farm |
| 18:32 | Build | Farm |
| 18:35 | Build | Farm |
| 18:44 | Build | Farm |
| 18:53 | Build | Farm |
| 18:58 | Queue | Villager (Male) |
| 19:03 | Queue | Skirmisher |
| 19:03 | Queue | Skirmisher |
| 19:12 | Build | House |
| 19:16 | Build | House |
| 19:18 | Build | Farm |
| 19:21 | Queue | Skirmisher |
| 19:23 | Queue | Villager (Male) |
| 19:49 | Queue | Villager (Male) |
| 20:00 | Queue | Skirmisher |
| 20:00 | Queue | Skirmisher |
| 20:05 | Build | House |
| 20:25 | Queue | Villager (Male) |
| 20:30 | Queue | Skirmisher |
| 20:47 | Queue | Skirmisher |
| 20:48 | Queue | Skirmisher |
| 21:01 | Build | House |
| 21:02 | Queue | Villager (Male) |
| 21:04 | Build | Market |
| 21:07 | Build | Farm |
| 21:07 | Build | Farm |
| 21:07 | Build | Farm |
| 21:26 | Queue | Skirmisher |
| 21:26 | Queue | Skirmisher |
| 21:27 | Queue | Villager (Male) |
Build order — jaumecr25
First 150 of 189 actions detected
| 0:00 | Queue | Villager (Male) |
| 0:01 | Build | House |
| 0:03 | Build | House |
| 0:07 | Queue | Villager (Male) |
| 0:07 | Queue | Villager (Male) |
| 0:07 | Queue | Villager (Male) |
| 1:28 | Queue | Villager (Male) |
| 1:29 | Queue | Villager (Male) |
| 1:49 | Queue | Villager (Male) |
| 2:02 | Build | Lumber Camp |
| 2:22 | Queue | Villager (Male) |
| 2:51 | Queue | Villager (Male) |
| 2:51 | Queue | Villager (Male) |
| 3:14 | Queue | Villager (Male) |
| 3:14 | Queue | Villager (Male) |
| 3:35 | Build | House |
| 3:43 | Build | House |
| 3:48 | Queue | Villager (Male) |
| 3:48 | Queue | Villager (Male) |
| 3:48 | Queue | Villager (Male) |
| 4:05 | Queue | Villager (Male) |
| 4:32 | Build | Mill |
| 4:37 | Queue | Villager (Male) |
| 4:58 | Queue | Villager (Male) |
| 5:13 | Queue | Villager (Male) |
| 5:37 | Queue | Villager (Male) |
| 5:37 | Research | Loom |
| 6:56 | Build | Barracks |
| 7:08 | Research | Feudal Age |
| 7:27 | Queue | Villager (Male) |
| 8:13 | Build | Palisade Wall |
| 8:29 | Queue | Villager (Male) |
| 8:32 | Build | Palisade Wall |
| 8:37 | Build | Palisade Wall |
| 8:45 | Build | Palisade Wall |
| 8:51 | Queue | Villager (Male) |
| 9:18 | Age | Feudal Age |
| 9:21 | Build | Archery Range |
| 9:24 | Build | Mill |
| 9:24 | Research | Double-Bit Axe |
| 9:26 | Queue | Villager (Male) |
| 9:34 | Queue | Villager (Male) |
| 9:41 | Build | Palisade Wall |
| 9:42 | Build | Palisade Wall |
| 9:45 | Queue | Villager (Male) |
| 9:57 | Build | Lumber Camp |
| 10:08 | Queue | Villager (Male) |
| 10:18 | Queue | Skirmisher |
| 10:20 | Queue | Villager (Male) |
| 10:31 | Build | Palisade Wall |
| 10:33 | Queue | Skirmisher |
| 10:38 | Build | Palisade Gate |
| 10:42 | Build | House |
| 11:07 | Queue | Villager (Male) |
| 11:15 | Queue | Skirmisher |
| 11:20 | Build | House |
| 11:22 | Build | House |
| 11:28 | Build | Farm |
| 11:29 | Build | Farm |
| 11:39 | Queue | Villager (Male) |
| 11:43 | Build | Palisade Wall |
| 11:47 | Build | Farm |
| 11:48 | Queue | Skirmisher |
| 12:23 | Build | Farm |
| 12:26 | Build | Farm |
| 12:29 | Build | Farm |
| 12:36 | Queue | Skirmisher |
| 12:46 | Build | Farm |
| 13:00 | Queue | Skirmisher |
| 13:13 | Queue | Villager (Male) |
| 13:14 | Queue | Villager (Male) |
| 13:17 | Build | Farm |
| 13:22 | Build | Farm |
| 13:30 | Build | Palisade Wall |
| 13:33 | Queue | Villager (Male) |
| 13:45 | Queue | Skirmisher |
| 13:55 | Build | House |
| 13:58 | Queue | Villager (Male) |
| 13:59 | Queue | Skirmisher |
| 14:04 | Queue | Villager (Male) |
| 14:17 | Build | Farm |
| 14:27 | Queue | Skirmisher |
| 14:28 | Queue | Villager (Male) |
| 14:33 | Build | Farm |
| 14:38 | Queue | Villager (Male) |
| 14:49 | Queue | Skirmisher |
| 14:54 | Queue | Spearman |
| 14:58 | Queue | Villager (Male) |
| 15:29 | Build | Blacksmith |
| 15:30 | Queue | Spearman |
| 15:31 | Queue | Skirmisher |
| 15:35 | Queue | Villager (Male) |
| 16:18 | Research | Fletching |
| 16:19 | Research | Fletching |
| 16:19 | Queue | Skirmisher |
| 16:26 | Build | Mining Camp |
| 16:27 | Queue | Skirmisher |
| 16:33 | Queue | Spearman |
| 16:35 | Queue | Villager (Male) |
| 16:39 | Build | House |
| 16:48 | Build | House |
| 17:18 | Queue | Skirmisher |
| 17:23 | Queue | Villager (Male) |
| 17:42 | Build | Farm |
| 17:43 | Build | Farm |
| 17:49 | Queue | Villager (Male) |
| 17:54 | Queue | Skirmisher |
| 18:17 | Build | House |
| 18:20 | Queue | Skirmisher |
| 18:22 | Queue | Villager (Male) |
| 18:32 | Queue | Skirmisher |
| 18:42 | Queue | Villager (Male) |
| 18:50 | Queue | Skirmisher |
| 18:56 | Build | Market |
| 19:06 | Build | Archery Range |
| 19:08 | Queue | Skirmisher |
| 19:10 | Queue | Villager (Male) |
| 19:50 | Build | Watch Tower |
| 20:02 | Queue | Skirmisher |
| 20:02 | Queue | Skirmisher |
| 20:23 | Queue | Skirmisher |
| 20:24 | Queue | Skirmisher |
| 20:39 | Queue | Villager (Male) |
| 20:41 | Research | Castle Age |
| 20:42 | Research | Castle Age |
| 20:42 | Research | Castle Age |
| 20:59 | Build | Farm |
| 21:10 | Queue | Skirmisher |
| 21:22 | Queue | Skirmisher |
| 21:23 | Queue | Skirmisher |
| 21:29 | Queue | Skirmisher |
| 21:46 | Build | Palisade Wall |
| 21:54 | Queue | Skirmisher |
| 21:54 | Queue | Skirmisher |
| 22:02 | Queue | Skirmisher |
| 22:02 | Queue | Skirmisher |
| 22:27 | Queue | Skirmisher |
| 22:27 | Queue | Skirmisher |
| 22:31 | Queue | Villager (Male) |
| 22:44 | Queue | Skirmisher |
| 22:48 | Queue | Spearman |
| 22:55 | Build | House |
| 23:23 | Age | Castle Age |
| 23:27 | Research | Bodkin Arrow |
| 23:27 | Research | Bodkin Arrow |
| 23:31 | Research | Elite Skirmisher (upgrade) |
| 23:31 | Research | Elite Skirmisher (upgrade) |
| 23:32 | Queue | Skirmisher |
| 23:34 | Queue | Villager (Male) |
| 23:38 | Build | House |
Match timeline
| 5:08 | Yess Alang · first_building Barracks |
| 6:56 | jaumecr25 · first_building Barracks |
| 8:13 | jaumecr25 · wall_segment Palisade Wall x5 |
| 8:32 | jaumecr25 · wall_segment Palisade Wall x1 |
| 8:37 | jaumecr25 · wall_segment Palisade Wall x1 |
| 8:45 | jaumecr25 · wall_segment Palisade Wall x4 |
| 8:52 | Yess Alang · wall_segment Palisade Wall x8 |
| 9:07 | Yess Alang · wall_segment Palisade Wall x13 |
| 9:10 | Yess Alang · wall_segment Palisade Wall x1 |
| 9:18 | jaumecr25 · age_up feudal |
| 9:21 | jaumecr25 · first_building Archery Range |
| 9:41 | jaumecr25 · wall_segment Palisade Wall x4 |
| 9:42 | jaumecr25 · wall_segment Palisade Wall x4 |
| 9:44 | Yess Alang · wall_segment Palisade Wall x4 |
| 10:05 | Yess Alang · wall_segment Palisade Wall x11 |
| 10:15 | Yess Alang · wall_segment Palisade Wall x11 |
| 10:31 | jaumecr25 · wall_segment Palisade Wall x5 |
| 11:43 | jaumecr25 · wall_segment Palisade Wall x1 |
| 11:58 | Yess Alang · age_up feudal |
| 12:06 | Yess Alang · first_building Archery Range |
| 13:25 | Yess Alang · wall_segment Palisade Wall x1 |
| 13:30 | jaumecr25 · wall_segment Palisade Wall x6 |
| 21:46 | jaumecr25 · wall_segment Palisade Wall x1 |
| 23:21 | jaumecr25 · first_market_sell 100 food |
| 23:23 | jaumecr25 · age_up castle |
| 23:36 | Yess Alang · age_up castle |
| 23:41 | Yess Alang · first_market_buy 100 wood |
| 23:46 | jaumecr25 · first_building Monastery |
| 25:14 | jaumecr25 · first_building Siege Workshop |
| 26:28 | Yess Alang · first_building Siege Workshop |
| 28:02 | jaumecr25 · resign |
[ AI ANALYSIS · 1 CREDIT ]
What really happened in this match?
Wolo.gg analyzes every decision: build order, eco, micro, common mistakes by bracket. Personalized analysis on WhatsApp or Discord in 30 seconds.
Civ guide
Malay
Perfil
Jugador #12188591